 Dungeon Sprint DCSS version 0.27-a0-538-g15ff5c5295 (webtiles) character file.

Game seed: 2383987121172973344

3529 mhtbhm the Cleaver (level 9, -4/93 HPs)
             Began as a Minotaur Fighter on Mar 6, 2021.
             Was a High Priest of Trog.
             Killed from afar by a deep elf pyromancer (27 damage)
             ... with a bolt of fire
             ... in the Dungeon (Sprint VII: "The Pits").
             The game lasted 00:01:57 (1256 turns).

mhtbhm the Cleaver (Minotaur Fighter)               Turns: 1256, Time: 00:01:58

Health: -4/93      AC: 22    Str: 23    XL:     9   Next: 82%
Magic:  8/8        EV:  9    Int:  8    God:    Trog [*****.]
Gold:   0          SH: 13    Dex: 11    Spells: 8/8 levels left

rFire    . . .     SeeInvis .   a - +2 war axe (vorpal)
rCold    . . .     Faith    .   c - +0 kite shield
rNeg     . . .     Spirit   .   b - +4 chain mail
rPois    .         Reflect  .   (helmet restricted)
rElec    .         Harm     .   m - +0 cloak
rCorr    .         Rampage  .   p - +0 pair of gloves
Will     .....     NoTele   +   (no boots)
Stlth    ..........             (no amulet)
HPRegen  0.25/turn              n - +3 ring of intelligence
MPRegen  0.11/turn              o - +3 ring of protection

@: on fire, berserk cooldown, slowed, glowing, very slow
A: horns 2, retaliatory headbutt
a: Renounce Religion, Berserk, Trog's Hand, Brothers in Arms


You were in the Dungeon.
You worshipped Trog.
Trog was extremely pleased with you.
You visited 1 branch

Inventory:

Hand Weapons
 a - a +2 vorpal war axe (weapon)
Armour
 b - a +4 chain mail (worn)
 c - a +0 kite shield (worn)
 m - a +0 cloak (worn)
 p - a +0 pair of gloves (worn)
Jewellery
 n - a +3 ring of intelligence (left hand)
 o - a +3 ring of protection (right hand)
Scrolls
 j - a scroll of blinking
 l - a scroll of summoning
Potions
 d - 3 potions of might
 e - 7 potions of curing
 f - 7 potions of heal wounds
 g - 3 potions of haste
 h - 4 potions of magic
 i - 3 potions of berserk rage
 k - 2 potions of invisibility


   Skills:
 + Level 13.4 Fighting
 + Level 14.9 Axes
 + Level 12.4 Armour
 + Level 4.5 Dodging
 + Level 0.4 Stealth
 + Level 12.9 Shields


You had 8 spell levels left.
You didn't know any spells.
Your spell library was empty.

Dungeon Overview and Level Annotations

Branches:
Dungeon (1/1)

Altars:
Ashenzari
Cheibriados
Dithmenos
Elyvilon
Fedhas
Gozag
Hepliaklqana
Kikubaaqudgha
Makhleb
Nemelex Xobeh
Okawaru
Qazlal
Ru
Sif Muna
Trog
Uskayaw
Vehumet
Wu Jian
Xom
Yredelemnul
Zin
The Shining One
Beogh
Jiyva
Lugonu


Innate Abilities, Weirdness & Mutations

You have a pair of horns on your head.
You reflexively headbutt those who attack you in melee.


Message History

You feel yourself moving faster!
You feel mighty!
Something hits you but does no damage. x2
You block the fire elemental's attack.
The deep elf pyromancer mumbles some strange words.
The deep elf pyromancer blinks!
You slash something! You slash the fire elemental! Something hits you.
You slash something! Trog accepts your kill.
Reactivating autopickup.
You feel a bit more experienced.
You slash the fire elemental! You block the fire elemental's attack.
You block the fire elemental's attack.
You slice the fire elemental!!
You destroy the fire elemental!
You feel a strong urge to attack something.
You feel your anger nearly subside.
You are no longer berserk.
You are exhausted.
You feel yourself slow down.
The deep elf pyromancer casts a spell at you.
The sticky flame hits you.
You are covered in liquid flames!
* * * LOW HITPOINT WARNING * * *
You block the deep elf pyromancer's attack.
You slash the deep elf pyromancer!
The deep elf pyromancer is almost dead.
You are covered in liquid flames!
* * * LOW HITPOINT WARNING * * *
The deep elf pyromancer casts a spell.
The deep elf pyromancer blinks!
You are covered in liquid flames!
* * * LOW HITPOINT WARNING * * *
You are covered in liquid flames!
* * * LOW HITPOINT WARNING * * *
Unknown command.
You feel much better.
You are covered in liquid flames!
* * * LOW HITPOINT WARNING * * *
The deep elf pyromancer casts a spell at you.
The bolt of fire hits you!!
You die...

++############################
...............e@.............
...†...†......................
..##############++############
..# ..# ..# ..# ..# ..#


You could see a deep elf pyromancer.

Vanquished Creatures
  A death yak (D)
  An unseen horror (D)
  A manticore (D)
  A jumping spider (D)
  A snapping turtle (D)
  A redback (D)
  A ynoxinul (D)
  A soldier ant (D)
  A floating eye (D)
  A sky beast (D)
  A necrophage (D)
  An ogre (D)
  A wolf (D)
  A centaur (D)
  2 bullfrogs (D)
  A scorpion (D)
  An iron imp (D)
  Crazy Yiuf (D)
  A mummy (D)
  An adder (D)
  An ufetubus (D)
  An adder skeleton (D)
  A leopard gecko (D)
  2 ball pythons (D)
  2 jackals (D)
  2 frilled lizards (D)
  A giant cockroach zombie (D)
  A kobold (D)
  A leopard gecko skeleton (D)
33 creatures vanquished.

Vanquished Creatures (collateral kills)
  An emperor scorpion (D)
1 creature vanquished.

Grand Total: 34 creatures vanquished

Notes
Turn   | Place    | Note
-------+----------+-------------------------------------------
     0 | D        | mhtbhm the Minotaur Fighter began the quest for the Orb.
     0 | D        | Reached XP level 1. HP: 19/19 MP: 0/0
    18 | D        | Found a bloodstained altar of Trog.
    18 | D        | Found a shimmering blue altar of Sif Muna.
    18 | D        | Found a viscous altar of Jiyva.
    18 | D        | Found a hazy altar of Hepliaklqana.
    18 | D        | Found an opulent altar of Gozag.
    19 | D        | Found a glowing golden altar of the Shining One.
    19 | D        | Found a glowing silver altar of Zin.
    19 | D        | Found a basalt altar of Yredelemnul.
    19 | D        | Found a shimmering altar of Xom.
    19 | D        | Found an ornate altar of the Wu Jian Council.
    19 | D        | Found a sacrificial altar of Ru.
    19 | D        | Found a stormy altar of Qazlal.
    19 | D        | Found an iron altar of Okawaru.
    19 | D        | Found a sparkling altar of Nemelex Xobeh.
    19 | D        | Found a burning altar of Makhleb.
    19 | D        | Found a blossoming altar of Fedhas.
    19 | D        | Found a white marble altar of Elyvilon.
    19 | D        | Found a shadowy altar of Dithmenos.
    19 | D        | Found a snail-covered altar of Cheibriados.
    21 | D        | Found a radiant altar of Vehumet.
    21 | D        | Found a corrupted altar of Lugonu.
    23 | D        | Became a worshipper of Trog the Wrathful
    62 | D        | Reached XP level 2. HP: 20/28 MP: 1/1
    67 | D        | Reached * piety under Trog
    77 | D        | Reached ** piety under Trog
    78 | D        | Reached skill level 5 in Fighting
    78 | D        | Reached skill level 3 in Axes
    78 | D        | Reached skill level 5 in Shields
   189 | D        | Noticed a floating eye
   192 | D        | Paralysed by a floating eye for 3 turns
   195 | D        | Killed a floating eye
   196 | D        | Reached skill level 5 in Axes
   196 | D        | Reached skill level 1 in Dodging
   196 | D        | Reached XP level 3. HP: 39/39 MP: 2/2
   196 | D        | Reached XP level 4. HP: 47/47 MP: 3/3
   197 | D        | Reached *** piety under Trog
   261 | D        | Noticed a sky beast
   261 | D        | Noticed a bullfrog
   268 | D        | Killed a bullfrog
   269 | D        | Reached skill level 6 in Axes
   269 | D        | Reached XP level 5. HP: 53/53 MP: 4/4
   271 | D        | Reached **** piety under Trog
   278 | D        | Killed a sky beast
   279 | D        | Reached skill level 7 in Axes
   279 | D        | Reached XP level 6. HP: 62/62 MP: 5/5
   282 | D        | Reached skill level 8 in Axes
   305 | D        | Reached skill level 9 in Axes
   305 | D        | Reached XP level 7. HP: 54/71 MP: 6/6
   307 | D        | Noticed Crazy Yiuf
   313 | D        | Reached ***** piety under Trog
   319 | D        | Killed Crazy Yiuf
   320 | D        | Reached skill level 10 in Fighting
   330 | D        | Received a gift from Trog
   453 | D        | Noticed a snapping turtle
   460 | D        | Reached skill level 10 in Axes
   466 | D        | Reached skill level 10 in Armour
   466 | D        | Reached skill level 10 in Shields
   471 | D        | Killed a snapping turtle
   472 | D        | Reached skill level 11 in Axes
   472 | D        | Reached XP level 8. HP: 71/82 MP: 7/7
   657 | D        | Found a hide-covered altar of Uskayaw.
   657 | D        | Found an ancient bone altar of Kikubaaqudgha.
   657 | D        | Found a broken altar of Ashenzari.
   684 | D        | Noticed a jumping spider
   684 | D        | Noticed a manticore
   689 | D        | Killed a jumping spider
   693 | D        | Killed a manticore
   694 | D        | Reached skill level 12 in Axes
   880 | D        | Noticed an emperor scorpion
   895 | D        | Received a gift from Trog
   896 | D        | Reached skill level 13 in Axes
   903 | D        | Killed an emperor scorpion
   904 | D        | Reached skill level 14 in Axes
   904 | D        | Reached XP level 9. HP: 30/92 MP: 8/8
  1155 | D        | Noticed a death yak
  1164 | D        | Killed a death yak
  1234 | D        | Noticed a deep elf pyromancer
  1245 | D        | Killed an unseen horror
  1256 | D        | Killed from afar by a deep elf pyromancer

Illustrated notes

Levels and vault maps discovered:
D:        pitsprint [storerooms_1, entrance_room_1, metal_vault_8, armoury_1,
          mini_pit_1, grid_room_1, main_hall_1, silver_pit, the_coven_2,
          the_vestibule_1, steel_vault_4, golden_pit, hallway_of_sentries,
          crystal_vault_5, iron_vault_1, final_vault]

Skill      XL: |  1  2  3  4  5  6  7  8  9 |
---------------+----------------------------+-----
Fighting       | 4 7 8 9 11 12 13 | 13.4
Armour         | 4 7 8 9 10 11 12 | 12.4
Shields        | 4 6 7 8 9 10 12 | 12.9
Axes           | 5 6 7 9 11 14 | 14.9
Dodging        | 1 2 3 4 |  4.5
Stealth        | |  0.4

Action                   |  1- 3 |  4- 6 |  7- 9 || total
-------------------------+-------+-------+-------++-------
Melee: War axe           |     3 |       |    38 ||    41
       Hand axe          |    17 |    27 |    24 ||    68
       Headbutt          |     4 |     7 |    13 ||    24
       Broad axe         |       |       |    15 ||    15
Invok: Berserk           |       |     1 |     3 ||     4
       Brothers in Arms  |       |       |     1 ||     1
  Use: Potion            |       |       |     5 ||     5
Armor: Scale mail        |    23 |     1 |       ||    24
       Chain mail        |       |    13 |    49 ||    62
Dodge: Dodged            |     9 |     4 |    21 ||    34
Block: Kite shield       |     9 |    18 |    38 ||    65

Table legend: (Time is in decaauts)
 A = Elapsed time spent in this place.
 B = Non-inter-level travel time spent in this place.
 C = Inter-level travel time spent in this place.
 D = Time resting spent in this place.
 E = Time spent auto-exploring this place.
 F = Levels seen in this place.
 G = Mean time per level.
                   A        B        C        D        E       F      G
               +--------+--------+--------+--------+--------+-----+--------+
         Total |   1275 |   1275 |      0 |    686 |    158 |   1 | 1275.0 |
       Dungeon |   1275 |   1275 |      0 |    686 |    158 |   1 | 1275.0 |
               +--------+--------+--------+--------+--------+-----+--------+

Top non-repeatable levels by time:
       D: 1275 daAuts
